Map: Dusk Towers

Players

PiG

  • Race: Zerg Zerg
  • League: Grandmaster

HeZNa - Winner!

  • Race: Terran Terran
  • League: Master

VOD

Have the link to the VOD?

Description

Time

  • Played on: Dec. 7, 2015, 4:18 p.m.
  • Length: 6:49
Show
View Real Time Build Order
Export as new Build Order

PiG Zerg 

Build Orders: Hatch First 

Get SALT Encoding   

  12  0:01  Drone  
  13  0:12  Overlord  
  13  0:18  Drone  
  14  0:31  Drone x2  
  14  0:35  Drone  
  17  0:53  Hatchery  
  16  0:57  Drone  
  17  1:08  Extractor  
  17  1:11  Spawning Pool  
  15  1:13  Drone  
  15  1:15  Drone  
  17  1:20  Drone  
  18  1:29  Drone  
  19  1:42  Drone  
  20  1:57  Queen  
  20  1:58  Overlord  
  22  2:05  Drone, Queen  
  22  2:06  Drone  
  26  2:11  Zergling x2  
  27  2:16  Zergling x2  
  27  2:17  Metabolic Boost  
  28  2:23  Zergling x2  
  28  2:28  Drone  
  30  2:45  Queen  
  30  2:46  Drone x3  
  35  2:53  Hatchery  
  33  3:00  Drone x2  
  33  3:02  Overlord  
  35  3:09  Overlord  
  35  3:10  Drone  
  36  3:21  Drone x2  
  36  3:25  Drone x2  
  36  3:26  Drone x3  
  43  3:28  Queen  
  45  3:37  Overlord  
  45  3:39  Drone  
  46  3:56  Drone  
  46  3:57  Drone  
  46  3:58  Overlord  
  46  3:59  Drone x3  
  46  4:00  Queen  
  53  4:03  Drone x3, Queen  
  58  4:16  Overlord x2  
  58  4:19  Drone  
  58  4:20  Spore Crawler  
  58  4:24  Spore Crawler  
  58  4:25  Drone, Spore Crawler  
  58  4:26  Drone x2  
  59  4:31  Queen  
  59  4:32  Overlord x2  
  59  4:34  Drone x2  
  63  4:40  Drone x4  
  67  4:47  Drone  
  67  4:48  Drone x4  
  72  4:57  Overlord  
  72  4:58  Drone  
  73  5:00  Extractor  
  73  5:02  Drone x2  
  73  5:03  Drone  
  73  5:04  Evolution Chamber  
  73  5:05  Evolution Chamber, Drone x2  
  75  5:07  Baneling Nest, Extractor  
  75  5:08  Extractor  
  75  5:10  Extractor  
  75  5:11  Extractor  
  70  5:31  Drone x4  
  70  5:32  Drone x6  
  78  5:58  Drone x3  
  81  6:09  Overlord  
  81  6:10  Overlord  
  81  6:15  Hatchery  
  77  6:19  Drone x3  
  77  6:20  Drone x3  
  77  6:21  Drone  
  77  6:22  Hatchery  
  80  6:32  Zergling x4  
Show
View Real Time Build Order
Export as new Build Order

HeZNa Terran - Winner!

Build Orders: Liberator Opening, Reaper Expand 

Get SALT Encoding   

  12  0:01  SCV  
  13  0:13  SCV  
  14  0:18  Supply Depot  
  14  0:25  SCV  
  15  0:39  SCV  
  15  0:41  Barracks  
  16  0:45  Refinery  
  16  0:51  SCV  
  17  1:03  SCV  
  18  1:15  SCV  
  19  1:28  Reaper  
  19  1:29  Orbital Command  
  20  1:42  Command Center  
  20  1:51  Supply Depot  
  20  1:54  SCV  
  20  2:01  Marine  
  22  2:06  SCV  
  23  2:09  Factory  
  23  2:14  Refinery  
  24  2:22  SCV  
  24  2:25  Barracks Reactor  
  24  2:35  SCV  
  25  2:47  SCV  
  26  2:59  SCV  
  26  3:01  Orbital Command  
  27  3:05  Starport  
  27  3:09  Hellion x2  
  27  3:10  Refinery  
  27  3:11  SCV  
  32  3:12  Barracks Reactor  
  32  3:23  SCV  
  33  3:31  Hellion x2  
  33  3:32  Supply Depot  
  37  3:36  SCV  
  38  3:41  Liberator x2  
  38  3:43  SCV  
  38  3:48  SCV  
  40  3:52  Hellion x2  
  43  3:59  SCV  
  43  4:00  SCV  
  43  4:02  Supply Depot  
  51  4:10  Barracks Tech Lab  
  51  4:11  SCV  
  51  4:17  Hellion  
  54  4:21  Supply Depot  
  54  4:23  SCV  
  54  4:24  Hellion  
  57  4:26  SCV  
  57  4:29  Stimpack  
  58  4:35  Liberator x2  
  58  4:36  SCV  
  59  4:38  SCV  
  59  4:44  Command Center  
  60  4:53  SCV  
  60  4:57  Supply Depot  
  60  4:58  SCV  
  68  5:07  SCV  
  69  5:08  Factory Reactor, Barracks  
  69  5:16  SCV  
  69  5:17  Engineering Bay  
  69  5:18  Marine  
  69  5:19  Engineering Bay  
  71  5:22  Liberator x2  
  71  5:26  Supply Depot  
  74  5:43  SCV  
  75  5:55  SCV  
  76  5:57  Marine x2  
  76  5:58  Barracks  
  76  6:01  Factory Reactor  
  76  6:02  SCV  
  79  6:08  SCV  
  79  6:09  Marine  
  81  6:15  Barracks, Marine  
  81  6:17  Barracks  
  82  6:22  SCV  
  80  6:32  SCV  
Tags
 
Add a new tag
Caveats
  • Supply blocks, unpowered buildings, or Contaminate may cause inaccurate times.
  • Supply counts are checked every 10 seconds.